Cogmind - Beta 13 @@@ ROGUE MODE // 2024.04.10 @ 00:37:23 Player: Miwa Result: Self-destructed Performance ------------- Evolutions (2) 1000 Regions Visited (4) 800 Robots Destroyed (20) 100 Value Destroyed (280) 280 Prototype IDs (2) 40 Alien Tech Used (0) 0 Bonus (0) 0 TOTAL SCORE: 2220 Bonus ------- None Cogmind --------- Core Integrity 473/550 Matter 192/300 Energy 149/150 System Corruption 0% Temperature Cool (3) Movement Flying (117) Ox1 Location -8/Materials Parts ------- > --- POWER (2) -------- Light Ion Engine Light Ion Engine > --- PROPULSION (4) --- Flight Unit Flight Unit > --- UTILITY (3) ------ Small Storage Unit Hacking Suite Hacking Suite > --- WEAPON (2) ------- (None) > --- INVENTORY (8) ---- Improved Ion Engine Light Nuclear Core Advanced Weight Redist. System Improved Targeting Computer Advanced ECM Suite Field Laser Peak State ------------ > --- POWER ------------ Light Ion Engine Light Ion Engine > --- PROPULSION ------- Flight Unit Flight Unit Flight Unit Flight Unit > --- UTILITY ---------- Advanced ECM Suite Hacking Suite Hacking Suite > --- WEAPON ----------- High-powered Shotgun Datajack > --- INVENTORY -------- Improved Ion Engine Flight Unit Flight Unit Small Storage Unit [Rating: 20] Favorites ----------- Power Light Ion Engine Engine Light Ion Engine Propulsion Hover Unit Wheel Wheel Hover Unit Hover Unit Flight Unit Flight Unit Utility Small Storage Unit Device Advanced ECM Suite Storage Small Storage Unit Processor Improved Targeting Computer Hackware Hacking Suite Weapon Assault Rifle Ballistic Gun Assault Rifle Special Melee Weapon Datajack Build | -11 -10 -9 -9 -8 ------- Run | Yrd Mat Mat Min Mat Slots Evolved 4 | . . 2 . 2 Power 1 | . . 1 . . Propulsion 2 | . . 1 . 1 Utility 1 | . . . . 1 Weapon . | . . . . . Parts Attached 35 | 7 6 4 1 17 Power 5 | 1 1 1 . 2 Engine 5 | 1 1 1 . 2 Core . | . . . . . Reactor . | . . . . . Propulsion 17 | 3 4 2 1 7 Treads . | . . . . . Leg . | . . . . . Wheel 3 | 3 . . . . Hover 8 | . 4 2 1 1 Flight 6 | . . . . 6 Utility 7 | 1 1 1 . 4 Device 1 | . . . . 1 Storage 2 | 1 . . . 1 Processor 2 | . 1 1 . . Hackware 2 | . . . . 2 Protection . | . . . . . Artifact . | . . . . . Weapon 6 | 2 . . . 4 Energy Gun . | . . . . . Energy Cannon . | . . . . . Ballistic Gun 4 | 2 . . . 2 Ballistic Cannon . | . . . . . Launcher . | . . . . . Special Weapon . | . . . . . Impact Weapon . | . . . . . Slashing Weapon . | . . . . . Piercing Weapon . | . . . . . Special Melee Weapon 2 | . . . . 2 Unidentified Prototypes . | . . . . . Parts Lost 9 | . 1 1 1 6 Power 2 | . 1 . 1 . Propulsion 5 | . . . . 5 Utility 1 | . . 1 . . Weapon 1 | . . . . 1 Highest Loss Streak 4 | . 1 1 1 4 To Critical Strikes . | . . . . . Average Slot Usage (%) 91 | . 83 94 95 94 Engine 15 | . 11 17 17 17 Hover 20 | . 26 33 33 6 Flight 10 | . . . . 27 Device 1 | . . . . 3 Storage 10 | . 14 11 11 7 Processor 4 | . . 10 11 2 Hackware 5 | . . . . 13 Ballistic Gun 19 | . 28 22 22 11 Special Melee Weapon 1 | . . . . 4 Naked Turns . | . . . . . Heaviest Build 22 | 12 12 17 17 22 Greatest Support 26 | 26 20 19 19 25 Greatest Overweight (x) 1 | . . . . 1 Average Overweight (x) . | . . . . . Largest Inventory Capacity 8 | 8 8 8 8 8 Average Capacity 7 | 7 8 8 8 7 Most Carried 8 | 5 7 8 8 8 Average Carried 5 | 2 5 6 8 4 Final Capacity 8 | 8 8 8 8 8 Final Carried 8 | 4 6 8 8 6 Class Distribution -------------------- 71% | Mutant 24% | Scavenger-Sprinter 4% | Hacker-Mutant Dominant Class ---------------- Mutant | -10/Materials Mutant | -9/Materials Mutant | -9/Mines Scavenger-Sprinter | -8/Materials Resources | -11 -10 -9 -9 -8 ----------- Run | Yrd Mat Mat Min Mat Matter Collected 769 | 318 155 75 105 116 Remotely . | . . . . . Salvage Created 516 | 147 155 75 42 97 Parts 39 | 9 10 5 4 11 Haulers Intercepted . | . . . . . Recyclers Shooed 1 | . . . 1 . Parts Field Recycled . | . . . . . Retrieved Matter . | . . . . . Parts Self-Destructed . | . . . . . Prevented . | . . . . . Kills | -11 -10 -9 -9 -8 ------- Run | Yrd Mat Mat Min Mat Combat Hostiles Destroyed 12 | . 5 1 3 3 Guns 12 | . 5 1 3 3 Classes Destroyed 6 | 2 3 1 . . Tunneler 2 | 2 . . . . Recycler 2 | 1 1 . . . Operator 3 | . 1 1 . 1 Watcher 1 | . 1 . . . Swarmer 10 | . 5 . 3 2 Sentry 2 | . . 1 . 1 Best Kill Streak 3 | 1 3 1 3 3 Combat Bots Only 3 | . 3 1 3 2 Max Kills in Single Turn 2 | 1 1 1 2 1 Gunslinging 1 | . . . 1 . Exploded . | . . . . . Melee . | . . . . . Uniques/NPCs Destroyed . | . . . . . Combat | -11 -10 -9 -9 -8 -------- Run | Yrd Mat Mat Min Mat Hostile Shots Fired 101 | . 23 4 34 40 Missed 22 | . 6 . 6 10 Damage Taken 807 | . 131 60 223 393 Core 163 | . 34 14 38 77 Absorbed by Shields . | . . . . . Regen/Repaired (Parts) 47 | . . 1 . 46 Core Remaining (%) 91 | 100 86 . 87 . Volleys Fired 66 | 8 23 7 10 18 Largest 2 | 2 2 2 2 2 Hottest 40 | 40 40 40 40 40 Shots Fired 120 | 16 46 14 20 24 Gun 120 | 16 46 14 20 24 Cannon . | . . . . . Launcher . | . . . . . Special . | . . . . . Kinetic 120 | 16 46 14 20 24 Thermal . | . . . . . Explosive . | . . . . . Electromagnetic . | . . . . . Robot Hit Streak 7 | 3 5 6 7 5 Robot Miss Streak 3 | 3 3 3 3 2 Penetration Max . | . . . . . Secondary Targets 1 | . . . 1 . Max Gunslinging Chain 1 | . . . 1 . Shots Hit Robots 75 | 7 29 9 11 19 Core Hits 29 | 4 11 4 3 7 Critical Kills 1 | . 1 . . . Critical Parts Destroyed . | . . . . . Critical Strikes 1 | . 1 . . . Destroy 1 | . 1 . . . Melee Attacks 1 | . . . . 1 Impact . | . . . . . Slashing . | . . . . . Piercing . | . . . . . Sneak Attacks . | . . . . . Combat Hostiles . | . . . . . Follow-up Attacks . | . . . . . Damage Inflicted 1005 | 100 377 109 134 285 Guns 1005 | 100 377 109 134 285 Cannons . | . . . . . Explosions . | . . . . . Melee . | . . . . . Ramming . | . . . . . Kinetic 1005 | 100 377 109 134 285 Thermal . | . . . . . Explosive . | . . . . . Electromagnetic . | . . . . . Impact . | . . . . . Slashing . | . . . . . Piercing . | . . . . . Highest Corruption 1 | . 1 . . . Average Corruption 1 | . 1 . . . Corruption Purged . | . . . . . Corruption Blocked . | . . . . . Overload Shots . | . . . . . Overflow Damage . | . . . . . Projectiles . | . . . . . Explosions . | . . . . . Melee . | . . . . . Knockbacks . | . . . . . Impact . | . . . . . Kinetic . | . . . . . Secondary . | . . . . . Self-Inflicted Damage . | . . . . . Shots . | . . . . . Rammed . | . . . . . Targets Rammed . | . . . . . Kicked . | . . . . . Crushed . | . . . . . Highest Temperature 53 | . . 5 . 53 Average Temperature 12 | . . 3 . 14 Received Heat Transfer 198 | . . 18 . 180 Siege Activations . | . . . . . Robots Corrupted . | . . . . . Combat Hostiles . | . . . . . Parts Fried . | . . . . . Impact Corruptions . | . . . . . Robots Melted . | . . . . . Combat Hostiles . | . . . . . Parts Melted . | . . . . . Heat Transferred . | . . . . . Parts Sabotaged . | . . . . . Parts Stolen . | . . . . . Parts Stripped . | . . . . . Power Chain Reactions . | . . . . . Alert | -11 -10 -9 -9 -8 ------- Run | Yrd Mat Mat Min Mat Peak Influence 269 | 15 164 132 141 269 Initial 54 | . 9 5 51 54 Average 90 | 7 54 94 80 139 Maximum Alert Level 1 | . . . . 1 Low Security (%) 93 | 100 100 100 100 81 Level 1 6 | . . . . 18 Level 2 . | . . . . . Level 3 . | . . . . . Level 4 . | . . . . . Level 5 . | . . . . . High Security . | . . . . . Max Security . | . . . . . Squads Dispatched 3 | . 1 . . 2 Investigation 1 | . . . . 1 Extermination . | . . . . . Reinforcement 2 | . 1 . . 1 Assault . | . . . . . Garrison . | . . . . . Intercept . | . . . . . Searches Triggered . | . . . . . Construction Impeded . | . . . . . Haulers Reinforced . | . . . . . Active Scanning Responses . | . . . . . Cargo Convoy Interrupts . | . . . . . Stealth | -11 -10 -9 -9 -8 --------- Run | Yrd Mat Mat Min Mat Distress Signals 3 | . . . . 3 Communications Jammed . | . . . . . Distress Signals . | . . . . . Times Spotted 44 | . 9 3 9 23 Peak Tracking Total 12 | . 3 2 6 12 Tactical Retreats 5 | . 1 . 1 3 Traps | -11 -10 -9 -9 -8 ------- Run | Yrd Mat Mat Min Mat Traps Triggered 1 | . 1 . . . Indirectly . | . . . . . Trap Hack Attempts . | . . . . . Triggered . | . . . . . Disarmed . | . . . . . Reprogrammed . | . . . . . Reused . | . . . . . Traps Extracted . | . . . . . Installed . | . . . . . Triggered . | . . . . . Machines | -11 -10 -9 -9 -8 ---------- Run | Yrd Mat Mat Min Mat Machines Disabled . | . . . . . Max in Single Turn . | . . . . . Machines Repaired . | . . . . . Machines Dismantled . | . . . . . Machines Sabotaged . | . . . . . Overloaded Fab Kills . | . . . . . Hacking | -11 -10 -9 -9 -8 --------- Run | Yrd Mat Mat Min Mat Machines Accessed 14 | . 5 5 . 4 Terminals 9 | . 5 3 . 1 Fabricators . | . . . . . Repair Stations 2 | . . 1 . 1 Recycling Units . | . . . . . Scanalyzers 3 | . . 1 . 2 Garrison Access . | . . . . . Total Hacks 42 | . 11 13 . 18 Successful 31 | . 8 6 . 17 Failed 11 | . 3 7 . 1 Catastrophic 4 | . 2 2 . . Database Lockouts . | . . . . . Manual 5 | . 1 4 . . Terminals 19 | . 11 6 . 2 Fabricators . | . . . . . Repair Stations 8 | . . 4 . 4 Recycling Units . | . . . . . Scanalyzers 15 | . . 3 . 12 Garrison Access . | . . . . . Terminal Hacks 11 | . 8 2 . 1 Record 1 | . . . . 1 Prototype ID Bank 1 | . . 1 . . Unreport Threat 2 | . 2 . . . Locate Traps 1 | . 1 . . . Transport Status 1 | . . 1 . . Hauler Manifests 1 | . 1 . . . Registered Components 1 | . 1 . . . Zone Layout 3 | . 3 . . . Fabricator Hacks . | . . . . . Repair Station Hacks 7 | . . 3 . 4 Scan Component 3 | . . 1 . 2 Repair 3 | . . 1 . 2 Refit 1 | . . 1 . . Recycling Unit Hacks . | . . . . . Scanalyzer 13 | . . 1 . 12 Insert Component 7 | . . 1 . 6 Analyze 6 | . . . . 6 Garrison Access Hacks . | . . . . . Unauthorized Hacks . | . . . . . Terminals . | . . . . . Fabricators . | . . . . . Repair Stations . | . . . . . Recycling Units . | . . . . . Scanalyzers . | . . . . . Garrison Access . | . . . . . Data Cores Recovered 2 | . . 1 . 1 Used . | . . . . . Hacking Detections 11 | . 4 3 . 4 Full Trace Events 1 | . . . . 1 Feedback Events . | . . . . . Feedback Blocked . | . . . . . Robot Schematics Acquired . | . . . . . Robots Built . | . . . . . Authchips . | . . . . . Time . | . . . . . Total Robot Build Rating . | . . . . . Part Schematics Acquired 5 | . . . . 5 Parts Built . | . . . . . Authchips . | . . . . . Time . | . . . . . Total Part Build Rating . | . . . . . Parts Repaired 3 | . . 1 . 2 Time 96 | . . 38 . 58 Parts Recycled . | . . . . . Recycled Matter . | . . . . . Retrieved Matter . | . . . . . Retrieved Components . | . . . . . Parts Scanalyzed 6 | . . 1 . 5 Part Schematics Acquired 5 | . . . . 5 Parts Damaged . | . . . . . Bothacking | -11 -10 -9 -9 -8 ------------ Run | Yrd Mat Mat Min Mat Used RIF Installer . | . . . . . Robots Hacked . | . . . . . Non-combat . | . . . . . Combat . | . . . . . Robot Hacks Applied . | . . . . . Relay Couplers Released . | . . . . . Fabnet Peak Effective % . | . . . . . Robots Rewired . | . . . . . Allies Hacked . | . . . . . Hacks Repelled . | . . . . . Allies | -11 -10 -9 -9 -8 -------- Run | Yrd Mat Mat Min Mat Total Allies . | . . . . . Largest Group . | . . . . . Highest-Rated Group . | . . . . . Highest-Rated Ally . | . . . . . Total Orders . | . . . . . Ally Attacks . | . . . . . Total Damage . | . . . . . Kills . | . . . . . Allies Corrupted . | . . . . . Allies Melted . | . . . . . Intel | -11 -10 -9 -9 -8 ------- Run | Yrd Mat Mat Min Mat Robot Analysis Total . | . . . . . Derelict Logs Recovered . | . . . . . Drone Launches . | . . . . . Drone Recoveries . | . . . . . Exploration | -11 -10 -9 -9 -8 ------------- Run | Yrd Mat Mat Min Mat Turns Passed 1201 | 98 330 254 104 415 Spaces Moved 1627 | 72 414 373 133 635 Core 13 | 13 . . . . Treads . | . . . . . Legs . | . . . . . Wheels 72 | 59 13 . . . Hover 999 | . 401 373 133 92 Flight 543 | . . . . 543 Fastest Speed 31 | 50 56 52 52 31 Average Speed 47 | 81 56 52 52 35 Slowest Speed 114 | 90 80 52 52 114 Overloaded Moves . | . . . . . Propulsion Burnouts . | . . . . . Robots Hopped 8 | . . . . 8 Cave-ins Triggered . | . . . . . Exploration Rate (%) 35 | 5 70 25 32 43 Regions Visited 4 Branch Regions 1 Pre-discovered Areas . | . . . . . Known Exits Taken . | . . . . . Unknown Exits Taken 4 | 1 1 1 1 . Scrap Searched . | . . . . . Spaces Dug . | . . . . . Terrain Destroyed . | . . . . . Melee . | . . . . . Projectile . | . . . . . AOE . | . . . . . Terrain Rammed . | . . . . . Walls Destroyed . | . . . . . Machines Disabled . | . . . . . Actions | -11 -10 -9 -9 -8 --------- Run | Yrd Mat Mat Min Mat Total 1917 | 94 465 417 147 794 Wait 145 | . 5 29 . 111 Move 1608 | 71 413 372 132 620 Hop 7 | . . . . 7 Pick Up 36 | 7 11 5 2 11 Fast Attach 6 | 3 . . . 3 Attach 20 | 4 4 2 . 10 Detach 1 | 1 . . . . Swap 9 | . 2 2 1 4 Drop 18 | . 7 . 2 9 Fire 66 | 8 23 7 10 18 Melee 1 | . . . . 1 Ram . | . . . . . Kick . | . . . . . Crush . | . . . . . Escape Stasis . | . . . . . Rewire . | . . . . . Trap . | . . . . . Miscellaneous . | . . . . . Route ------- -11/Scrapyard -10/Materials (discovered 4 exits: *Mat x3 / [*Min]) -9/Materials -9/Mines -8/Materials History --------- Turn | Location | Event 11 | -11/Scrapyard | Discovered new exit (range 16) 99 | -11/Scrapyard | Entered Materials 193 | -10/Materials | Discovered new exit (range 12) 277 | -10/Materials | Discovered new exit (range 7) 317 | -10/Materials | Build established: Mutant 370 | -10/Materials | Discovered new exit (range 16) 398 | -10/Materials | Discovered new exit (range 19) 429 | -10/Materials | Entered another Materials area 429 | -9/Materials | Evolved 2 slots: Power x1, Propulsion x1 569 | -9/Materials | Repaired Hacking Suite 615 | -9/Materials | Discovered new exit (range 7) 683 | -9/Materials | Entered Mines 708 | -9/Mines | Assembled infested the area 734 | -9/Mines | Discovered new exit (range 7) 787 | -9/Mines | Entered Materials 787 | -8/Materials | Evolved 2 slots: Propulsion x1, Utility x1 997 | -8/Materials | Repaired Imp. Ion Engine 1024 | -8/Materials | Repaired Flight Unit 1196 | -8/Materials | Lost 4 parts (3n1w) 1202 | -8/Materials | Self-destructed Last Messages --------------- Jacked Y-45 Defender... Command string: disable_weapons Flight Unit destroyed. Y-45 Defender destroyed. Flight Unit destroyed. K-01 Serf collects debris. Datajack destroyed. Critical hit (Burn: +37). Acquired 49 matter. Critical hit (Burn: +37). Flight Unit destroyed. Dropped Hpw. Shotgun. R-06 Scavenger collects Hpw. Shotgun. Acquired Field Laser. Acquired Lgt. Nuclear Core. W-25 Informer sends out distress signal. T-07 Excavator is excavating. ALERT: Suspicious intruders detected, dispatching Cutter reinforcements to area. Flight Unit destroyed. Map ----- +----------------------------------------------------+ | ???????##????????????????????????????# #???????? | | ?????????????????????????????????????# #???????? | | ??????????????????????????????######## +???????? | | ????????????????????????????+ #???????? | | ??????????????????????????????### #####+#####????? | | ??????????????????????????????????# #????? | | ??????????????????????????????????# #????? | | ??????????????????????????????????# #????? | | ??????????????????????????????????# #????? | | ????????????????????????????????? # #????? | | ????????????????????????????????# # #????? | | ????????????????????????????????# # #????? | | ????????????????????????????????# # #????? | | ??????????????????H?????????????# ####/######????? | | ????????????????????????????????# ???# #?????????? | | ????????????????????????????????# ???# #?????????? | | ????????????????????????????????# #### #?????????? | | ????????????????????????????????# #?????????? | | ???????????????????????#+???????# #?????????? | | ???????????????????????# ???????# #?????????? | | ???????????????????????# ???????# #?????????? | | ???????????????????????# ???????# #?#######?? | | ???????????????????????# ######## ### #?? | | ???????????????????????# #?? | | ?????????????????####### Y #?? | | ??????????????# @ #?? | | ??????????????# ##########+######### ## #?? | | ?????????###+## ?????# #?????# ### ##?? | | ?????????? ????# #?????####?? #??? | | ???????????# ????# """ """ #??????????? #??? | | ???????????# ???# """ """ #??????????? #??? | | ???????????? ???# """ """ #??????????? #??? | | ??????????????# ??# #???????????! ??? | | ??????????????# ### ! #???????????? #?? | | ??????????????+ / #???????????? ?? | | ??????????????##################???????????? ##? | | ???????????????????????????????????????????? #?? | | ?????????????????????????????????????????????###?? | | ?????????????????????????????????????????????????? | | | | | | | | | | | | | | | | | | | | | | | +----------------------------------------------------+ Best States ------------- Heat Dissipation 31 Energy Generation 17 Energy Capacity 290 Matter Stores 300 Matter Capacity 300 Sight Range 16 Terrain Scan Density 10 ECM Strength 2 Evasion (%) 63 Targeting Accuracy 6 Offensive Hacking 20 Item Schematics ----------------- Imp. Ion Engine | -8/Materials | Scanalyzed Flight Unit | -8/Materials | Scanalyzed Sml. Storage Unit | -8/Materials | Scanalyzed Datajack | -8/Materials | Scanalyzed Assault Rifle | -8/Materials | Scanalyzed Robot Schematics ------------------ None Fabricated ------------ Nothing Alien Tech Used ----------------- None Achievements -------------- None Challenges ------------ None Game ------ Seed ShadingDamperRigger Manual? 0 Play Time 00:33:28 Cumulative 31.5 hours Start 2024.04.09 @ 23:51:14 End 2024.04.10 @ 00:37:23 Sessions 1 Manual Loads 0 Difficulty Rogue Special Mode None Game No. 46 Rogue 46 Adventurer 0 Explorer 0 Win Type - Total 0 Types 0/0/0/0/0/0/0/0/0 Lore% 26 Gallery% 28 Achievement% 28 Wizard Run 0 Options --------- Layout 1 ASCII 0 Keyboard 0 Movement Mouse Keybinds 0 Fullscreen 1 Font 28/SmallcapsGlow Map View 55x47 Zoom Use 0% Tactical HUD 0 Map Filters NONE Filters NONE Steam 1 RUN: b7a48a51-dfb7-4302-9880-4073eddf3d19